Map: Port Aleksander LE

Players

Lambo - Winner!

  • Race: Zerg Zerg
  • League: Grandmaster
  • Spawn Location: 5:00

Namshar

  • Race: Zerg Zerg
  • League: Grandmaster
  • Spawn Location: 11:00

VOD

Have the link to the VOD?

Description

Time

  • Played on: Dec. 27, 2018, 3:18 p.m.
  • Length: 11:29
Show
View Real Time Build Order
Export as new Build Order

Lambo Zerg - Winner!

Build Orders: Hatch First 

Get SALT Encoding   

  12  0:01  Drone  
  13  0:13  Overlord  
  13  0:18  Drone  
  14  0:32  Drone x2  
  14  0:35  Drone  
  17  0:52  Hatchery  
  17  0:56  Drone  
  17  1:00  Drone  
  18  1:10  Extractor  
  17  1:14  Spawning Pool  
  17  1:17  Drone  
  17  1:20  Drone  
  18  1:28  Drone  
  19  1:39  Drone  
  20  1:52  Overlord  
  20  2:01  Queen  
  20  2:03  Queen  
  20  2:04  Drone x2  
  26  2:11  Metabolic Boost  
  26  2:13  Drone  
  26  2:14  Drone  
  28  2:23  Zergling x2  
  28  2:25  Zergling x2  
  30  2:36  Hatchery  
  29  2:39  Drone  
  29  2:43  Drone  
  31  2:46  Baneling Nest  
  31  2:48  Drone  
  31  2:54  Drone x2  
  33  3:00  Overlord  
  33  3:07  Zergling x2  
  33  3:08  Drone  
  33  3:10  Drone  
  36  3:18  Drone x3  
  36  3:19  Zergling x2  
  40  3:20  Overlord  
  40  3:22  Drone  
  41  3:28  Drone  
  41  3:31  Drone  
  41  3:33  Baneling  
  43  3:38  Queen  
  43  3:39  Evolution Chamber, Drone  
  45  3:42  Drone x2  
  45  3:45  Drone  
  48  3:50  Drone x3  
  48  3:52  Drone  
  48  3:53  Drone  
  53  3:59  Drone x3  
  53  4:01  Extractor  
  53  4:02  Extractor, Baneling  
  54  4:06  Baneling  
  54  4:09  Drone x2  
  56  4:16  Zergling x2  
  56  4:17  Zergling x4  
  57  4:20  Drone  
  57  4:23  Drone  
  58  4:28  Zerg Missile Weapons Level 1  
  58  4:31  Roach Warren, Drone  
  57  4:34  Overlord  
  58  4:40  Overlord  
  58  4:43  Drone  
  58  4:44  Overlord  
  58  4:45  Lair  
  58  4:49  Overlord  
  58  4:52  Drone x2  
  60  4:54  Drone x6  
  66  5:02  Zergling x12  
  70  5:09  Extractor  
  70  5:11  Extractor  
  67  5:14  Roach x4  
  73  5:21  Baneling x2  
  73  5:24  Roach x2, Drone  
  78  5:29  Roach x4  
  78  5:33  Overlord  
  85  5:37  Ravager  
  85  5:38  Drone x3  
  85  5:42  Drone x2  
  89  5:46  Spine Crawler  
  89  5:47  Overlord  
  88  5:50  Spine Crawler  
  88  5:51  Spine Crawler  
  88  5:52  Roach x3  
  88  5:53  Ravager  
  88  5:55  Roach  
  95  5:59  Roach  
  95  6:01  Overlord  
  95  6:02  Ravager  
  98  6:07  Overlord  
  98  6:12  Drone x9  
  98  6:15  Drone  
  105  6:19  Drone  
  105  6:20  Drone  
  108  6:26  Extractor, Drone x7  
  114  6:34  Pneumatized Carapace, Zerg Missile Weapons Level 2  
  114  6:36  Evolution Chamber, Glial Reconstitution  
  113  6:44  Roach x4, Hatchery  
  120  6:47  Overseer  
  120  6:48  Overlord  
  120  6:57  Overlord  
  120  6:58  Overlord  
  120  6:59  Overlord  
  120  7:00  Overlord  
  120  7:03  Zerg Ground Armor Level 1  
  120  7:16  Roach x8  
  120  7:19  Roach x3  
  142  7:26  Roach x3  
  142  7:27  Overseer  
  142  7:28  Overseer  
  148  7:30  Overseer  
  148  7:31  Roach  
  148  7:32  Roach  
  148  7:36  Roach x4  
  159  7:50  Roach x3  
  159  7:51  Ravager  
  159  7:52  Ravager  
  157  8:01  Roach x5  
  166  8:14  Overlord  
  166  8:16  Overlord, Ravager  
  166  8:18  Overlord  
  167  8:22  Spine Crawler  
  167  8:23  Overlord  
  167  8:25  Overlord  
  166  8:31  Overlord  
  166  8:32  Queen  
  166  8:33  Overlord  
  168  8:35  Drone x2  
  168  8:36  Drone x2  
  168  8:37  Roach x2  
  168  8:38  Roach x3, Ravager x2  
  168  8:39  Ravager  
  185  8:46  Roach x6  
  193  8:51  Roach x3  
  199  8:55  Roach x2  
  195  9:03  Roach x2  
  199  9:12  Overlord  
  199  9:13  Overseer  
  199  9:14  Overlord  
  199  9:15  Overlord  
  196  9:17  Overlord  
  196  9:19  Roach x2  
  198  9:29  Spine Crawler  
  198  9:31  Tunneling Claws, Burrow  
  196  9:36  Roach x2  
  199  9:52  Overlord  
  199  10:05  Roach  
  197  10:09  Overlord  
  197  10:12  Roach  
  199  10:17  Roach x3  
  195  10:22  Roach x3  
  195  10:26  Roach x5  
  187  10:32  Roach x10  
  176  10:39  Roach x3  
  176  10:40  Roach x2  
  166  10:44  Roach x4  
  166  10:45  Roach  
  166  10:46  Roach x3  
  166  10:49  Roach x6  
  164  10:54  Roach x2  
  164  10:55  Roach x2  
  172  11:00  Roach x4  
Show
View Real Time Build Order
Export as new Build Order

Namshar Zerg 

Build Orders: Hatch First 

Get SALT Encoding   

  12  0:00  Drone  
  13  0:12  Overlord  
  13  0:18  Drone  
  14  0:31  Drone x2  
  16  0:48  Hatchery  
  15  0:52  Drone  
  15  0:56  Drone  
  17  0:59  Drone  
  18  1:10  Extractor  
  17  1:15  Spawning Pool  
  17  1:18  Drone  
  17  1:21  Drone  
  18  1:28  Drone  
  19  1:39  Drone  
  20  1:49  Drone  
  21  2:01  Queen x2  
  21  2:02  Overlord, Zergling x2  
  26  2:10  Metabolic Boost  
  26  2:13  Drone  
  26  2:14  Drone  
  29  2:22  Drone  
  29  2:23  Drone  
  30  2:32  Drone  
  30  2:33  Drone  
  32  2:41  Hatchery  
  32  2:44  Drone  
  32  2:49  Baneling Nest  
  31  2:55  Overlord, Drone  
  31  2:58  Zergling x2  
  33  3:05  Zergling x2  
  34  3:07  Drone  
  34  3:11  Drone  
  36  3:14  Drone x2  
  36  3:16  Queen  
  40  3:20  Overlord  
  40  3:23  Drone  
  41  3:27  Zergling x4  
  41  3:32  Zergling x2  
  44  3:39  Lair  
  44  3:40  Drone x2  
  46  3:42  Drone  
  46  3:43  Drone  
  46  3:47  Drone  
  49  3:48  Evolution Chamber  
  49  3:49  Drone  
  49  3:56  Roach Warren  
  49  3:58  Drone  
  49  3:59  Drone  
  49  4:02  Extractor  
  49  4:04  Extractor  
  49  4:05  Drone x2  
  49  4:06  Drone  
  49  4:09  Drone  
  51  4:14  Drone x2  
  51  4:15  Drone  
  52  4:19  Drone x2  
  54  4:27  Overlord, Zerg Missile Weapons Level 1  
  54  4:29  Drone  
  54  4:31  Drone x2  
  57  4:32  Overlord  
  57  4:39  Glial Reconstitution  
  57  4:42  Drone  
  57  4:44  Zergling x4  
  58  4:47  Baneling  
  58  4:49  Baneling  
  58  4:50  Zergling x12  
  58  5:14  Roach x8  
  72  5:22  Overlord x3  
  72  5:23  Drone  
  73  5:41  Drone  
  73  5:42  Drone x8  
  77  5:44  Queen  
  77  5:47  Drone  
  77  5:48  Evolution Chamber  
  77  5:49  Drone x4  
  82  5:52  Extractor  
  82  5:53  Drone x3  
  82  5:56  Burrow  
  84  5:57  Tunneling Claws  
  82  6:13  Roach x2  
  82  6:14  Roach x4  
  92  6:25  Roach x3  
  98  6:26  Zerg Missile Weapons Level 2  
  98  6:27  Zerg Ground Armor Level 1  
  98  6:29  Overlord  
  98  6:30  Overlord x3  
  98  6:35  Extractor  
  98  6:36  Extractor  
  96  6:49  Overseer  
  96  6:50  Drone  
  96  6:51  Overlord, Drone x2  
  99  6:54  Drone x3  
  99  6:55  Drone x3  
  99  6:57  Roach x3  
  115  7:01  Roach x2  
  115  7:07  Drone  
  115  7:08  Roach, Hatchery  
  117  7:09  Roach, Hydralisk Den  
  118  7:23  Roach  
  118  7:24  Roach x3  
  118  7:25  Roach x8  
  118  7:27  Roach x3  
  136  7:33  Overlord x3  
  136  7:34  Overlord  
  136  7:50  Roach  
  136  7:51  Roach  
  138  7:53  Roach x17  
  138  7:56  Roach x2  
  136  8:05  Drone x6  
  137  8:09  Roach  
  137  8:10  Roach x8  
  156  8:13  Ravager x6  
  156  8:17  Grooved Spines  
  156  8:18  Overlord, Roach x4  
  158  8:21  Queen  
  158  8:22  Roach  
  158  8:23  Roach x3  
  168  8:27  Pneumatized Carapace  
  168  8:29  Overlord  
  170  8:41  Roach x5  
  178  8:52  Roach x10  
  188  9:01  Roach  
  188  9:02  Roach x4  
  182  9:03  Roach  
  182  9:08  Drone  
  182  9:09  Drone  
  178  9:10  Lurker Den  
  178  9:11  Infestation Pit  
  173  9:18  Roach  
  173  9:19  Roach x6  
  180  9:28  Muscular Augments  
  180  9:30  Overlord  
  180  9:31  Overlord x2  
  176  9:35  Roach x4, Extractor x2  
  176  9:36  Roach  
  175  9:42  Overlord x2  
  175  9:44  Hatchery  
  174  9:50  Roach x6  
  184  9:54  Roach x2  
  188  10:02  Roach x5  
  190  10:12  Roach  
  190  10:13  Roach x4  
  179  10:26  Roach x5  
  157  10:33  Roach  
  129  10:36  Roach  
  129  10:39  Roach  
  129  10:40  Roach x3  
  118  10:47  Drone x3  
  116  10:51  Roach  
  114  11:01  Ravager x3  
  114  11:03  Overseer  
  115  11:06  Roach x4  
Tags
 
Add a new tag
Caveats
  • Supply blocks, unpowered buildings, or Contaminate may cause inaccurate times.
  • Supply counts are checked every 10 seconds.